 Dungeon Crawl Stone Soup version 0.27-a0-1557-g57f10a385c (webtiles) character file.

Game seed: 4657561705060045914

2 fiver49 the Skirmisher (level 1, 0/19 HPs)
             Began as a Naga Wanderer on July 16, 2021.
             Slain by a quokka (3 damage)
             ... on level 1 of the Dungeon.
             The game lasted 00:00:36 (160 turns).

fiver49 the Skirmisher (Naga Wanderer)               Turns: 160, Time: 00:00:37

Health: 0/19       AC:  1    Str: 15    XL:     1   Next: 30%
Magic:  2/2        EV:  9    Int: 12    God:
Gold:   9          SH:  0    Dex:  9    Spells: 2/2 levels left

rFire    . . .     SeeInvis +   a - +0 club
rCold    . . .     Faith    .   (no shield)
rNeg     . . .     Spirit   .   b - +0 robe
rPois    +         Reflect  .   (no helmet)
rElec    .         Harm     .   (no cloak)
rCorr    .         Rampage  .   (no gloves)
Will     .....                  (no barding)
Stlth    +.........             (no amulet)
HPRegen  0.06/turn              (no ring)
MPRegen  0.08/turn              (no ring)

@: very slow
A: AC +0, large, see invisible, deformed body, poison resistance, slowness 2,
spit poison 1, naga tail 1
a: Spit Poison


You were on level 1 of the Dungeon.
You visited 1 branch of the dungeon, and saw 1 of its levels.

You collected 9 gold pieces.

Inventory:

Hand Weapons
 a - a +0 club (weapon)
Armour
 b - a +0 robe (worn)
Scrolls
 c - a scroll of fog {unknown}


   Skills:
 + Level 2.2 Fighting
 - Level 1.0 Short Blades
 - Level 1.0 Throwing
 - Level 1.0 Dodging
 - Level 1.5 Stealth
 - Level 1.0 Shields
 - Level 1.0 Spellcasting
 - Level 1.0 Necromancy
 - Level 1.0 Transmutations


You had 2 spell levels left.
You didn't know any spells.
Your spell library contained the following spells:

 Spells                   Type           Power      Damage    Failure   Level
 Freeze                   Ice            0%         1d3       30%         1
 Sandblast                Erth           0%         2d4       30%         1
 Passwall                 Tmut/Erth      0%         N/A       36%         2
 Frozen Ramparts          Ice            0%         1d2       65%         3
 Stone Arrow              Conj/Erth      0%         3d7       65%         3
 Petrify                  Tmut/Erth      1%         N/A       94%         4


Dungeon Overview and Level Annotations

Branches:
Dungeon (1/15)

Altars:


Innate Abilities, Weirdness & Mutations

Your serpentine skin is tough. (AC +0)
You have supernaturally acute eyesight. (SInv)
Armour fits poorly on your strangely shaped body.
Your system is resistant to poisons. (rPois)
You cover ground very slowly.
You can spit poison.
You have a snake-like lower body.


Message History

You kill the frilled lizard!
You closely miss the giant cockroach. The giant cockroach bites you.
You hit the giant cockroach.
The giant cockroach is heavily wounded.
The giant cockroach bites you. x2
You hit the giant cockroach.
You kill the giant cockroach!
HP restored.
Found a scroll labelled LETOPHA GISU.
Found 9 gold pieces.
Found a stone staircase leading down.
c - a scroll labelled LETOPHA GISU You now have 9 gold pieces.
A hobgoblin comes into view.
The hobgoblin shouts!
A quokka comes into view.
Found a stone staircase leading down.
The hobgoblin hits you.
You hit the hobgoblin.
The hobgoblin is severely wounded.
The hobgoblin barely misses you.
A frilled lizard comes into view.
You barely miss the hobgoblin.
The hobgoblin is severely wounded.
The quokka barely misses you. The hobgoblin closely misses you.
The quokka bites you. The hobgoblin closely misses you.
You hit the hobgoblin.
The hobgoblin is severely wounded.
The quokka bites you. The hobgoblin completely misses you.
You barely miss the hobgoblin.
The hobgoblin is severely wounded.
The quokka bites you. The hobgoblin hits you. The quokka barely misses you.
The hobgoblin hits you.
* * * LOW HITPOINT WARNING * * *
The quokka barely misses you.
You barely miss the quokka. The quokka barely misses you.
The hobgoblin closely misses you.
You closely miss the hobgoblin.
The hobgoblin is severely wounded.
The quokka bites you.
You die...

... #.. #.# .
###.############## ..
....##...........# ...
....##...........# ....
.................# ..>..
..........>......##......
................@rl......
##.....##########g.......
#.....# #........ #.....#
#........ #.....####
#........ #........#
#######.# #.....##.# #
#.....# # #.....##.#


You could see a quokka, a hobgoblin and a frilled lizard.

Vanquished Creatures
  A giant cockroach (D:1)
  A frilled lizard (D:1)
2 creatures vanquished.

Notes
Turn   | Place    | Note
-------+----------+-------------------------------------------
     0 | D:1      | fiver49 the Naga Wanderer began the quest for the Orb.
     0 | D:1      | fiver49 set off with the following items: a +0 club, a +0
                  | robe; and the following spells available to memorise:
                  | Freeze, Sandblast, Passwall, Frozen Ramparts, Stone Arrow,
                  | Petrify
     0 | D:1      | Reached XP level 1. HP: 19/19 MP: 2/2
   160 | D:1      | Slain by a quokka

Illustrated notes

Levels and vault maps discovered:
D:1:      dpeg_arrival_rooms_b, layout_basic,
          shapermc_ecumenical_altar_mp_vishouse, minmay_gold_behind_fungi,
          minmay_fountain_box, dk_noncrumbling_3, minmay_misc_feat_room

Action                   || total
-------------------------++-------
Melee: Club              ||    10
Dodge: Dodged            ||     9

Table legend: (Time is in decaauts)
 A = Elapsed time spent in this place.
 B = Non-inter-level travel time spent in this place.
 C = Inter-level travel time spent in this place.
 D = Time resting spent in this place.
 E = Time spent auto-exploring this place.
 F = Levels seen in this place.
 G = Mean time per level.
                   A        B        C        D        E       F      G
               +--------+--------+--------+--------+--------+-----+--------+
         Total |    189 |    189 |      0 |      0 |    158 |   1 |  189.0 |
       Dungeon |    189 |    189 |      0 |      0 |    158 |   1 |  189.0 |
               +--------+--------+--------+--------+--------+-----+--------+

Top non-repeatable levels by time:
     D:1: 189 daAuts
